 Dungeon Crawl Stone Soup version 0.22.0-49-gab54619674 (webtiles) character file.

109 JedernureinKreuz the Conjurer (level 4, -3/24 HPs)
             Began as a Deep Elf Conjurer on Sept 6, 2018.
             Was an Initiate of Sif Muna.
             Slain by Crazy Yiuf
             ... wielding a +2 quarterstaff of chaos
              (13 damage)
             ... on level 2 of the Dungeon.
             The game lasted 00:21:09 (1762 turns).

JedernureinKreuz the Conjurer (Deep Elf Conjurer)   Turns: 1762, Time: 00:21:10

Health: -3/24      AC:  2    Str:  5    XL:     4   Next: 59%
Magic:  2/12       EV: 13    Int: 21    God:    Sif Muna [......]
Gold:   95         SH:  0    Dex: 15    Spells: 0/11 levels left

rFire    . . .     SeeInvis .   k - +1 short sword (holy)
rCold    . . .     Gourm    .   (no shield)
rNeg     . . .     Faith    .   a - +0 robe
rPois    .         Spirit   .   (no helmet)
rElec    .         Reflect  .   (no cloak)
rCorr    .         Harm     .   (no gloves)
MR       .....                  (no boots)
Stlth    ++........             (no amulet)
HPRegen  0.08/turn              q - ring of wizardry
MPRegen  0.13/turn              (no ring)

@: no status effects
A: no striking features
a: Renounce Religion


You were on level 2 of the Dungeon.
You worshipped Sif Muna.
Sif Muna was noncommittal.
You were not hungry.

You visited 1 branch of the dungeon, and saw 2 of its levels.

You collected 95 gold pieces.

Inventory:

Hand Weapons
 k - a +1 short sword of holy wrath (weapon)
 p - a +4 spear
Missiles
 e - a throwing net (quivered)
Armour
 a - a +0 robe (worn)
 f - a +1 ring mail of positive energy
 r - a +2 centaur barding
Jewellery
 q - a ring of wizardry (left hand)
 s - a cursed ring of attention {unknown}
 u - a +3 amulet of reflection {unknown}
Scrolls
 b - 4 scrolls of teleportation {unknown}
 d - a scroll of noise {unknown}
 i - 5 scrolls of identify {unknown}
 j - a scroll of enchant armour {unknown}
 n - a scroll of enchant weapon {unknown}
Potions
 g - a potion of degeneration {unknown}
 l - 2 potions of heal wounds {unknown}
 m - a potion of curing {unknown}
 o - a potion of lignification {unknown}
 t - a potion of might {unknown}
Comestibles
 c - 2 rations
 h - 6 chunks of flesh


   Skills:
 + Level 1.3 Short Blades
 + Level 3.3 Dodging
 + Level 3.5 Stealth
 + Level 4.2 Spellcasting
 + Level 4.9 Conjurations


You couldn't memorise any spells.
You knew the following spells:

 Your Spells              Type           Power        Failure   Level  Hunger
a - Magic Dart            Conj           ####         1%          1    None
b - Searing Ray           Conj           ####..       1%          2    #......
c - Force Lance           Conj/Tloc      ##......     16%         4    ####...
d - Iskenderun's Mystic   Conj           ####....     6%          4    ####...

Your spell library contained the following spells:

 Spells                   Type           Power        Failure   Level  Hunger
 Dazzling Spray           Conj/Hex       ##....       5%          3    ###....
 Fulminant Prism          Conj/Hex       ##........   16%         4    ####...


Dungeon Overview and Level Annotations

Branches:
Dungeon (2/15)

Altars:
Hepliaklqana
Ru
Sif Muna
Wu Jian
Yredelemnul

Annotations:
D:2 Crazy Yiuf


Message History

Press: ? - help, Shift-Dir - straight line, f - Crazy Yiuf
Aim: Crazy Yiuf, wielding a quarterstaff of chaos and wearing a runed cloak The searing ray hits Crazy Yiuf.
Crazy Yiuf is moderately wounded.
Crazy Yiuf shouts! (Press . to maintain the ray.)
The searing ray hits Crazy Yiuf.
Crazy Yiuf is moderately wounded.
The searing ray hits Crazy Yiuf.
Crazy Yiuf is heavily wounded.
The searing ray hits Crazy Yiuf.
Crazy Yiuf is almost dead.
You finish channeling your searing ray.
Crazy Yiuf grits, "Earwax sing turtle!"
Crazy Yiuf hits you with a quarterstaff of chaos!
Ouch! That really hurt!
You feel your power leaking away.
Crazy Yiuf hits you with a quarterstaff of chaos!
Ouch! That really hurt!
You die...

#.#....# ###...##########
#.###### ###...........
#.### #รท.......... #...#
##### #..>.......# ###.#
#)..# #..........# #.# #...#
#..........# ### ...
######.##### #g# #..# #@##
###..## ##.# ####.....# #.##
#..#.###.# ##.# #....# #.###
##.## #....# #.... ##)).#
#....# ##### #))))# #....##
# #))))# #.....# #
##########))))###....[######


You could see Crazy Yiuf.

Vanquished Creatures
  Jessica (D:2)
  2 adders (D:2)
  An ooze (D:1)
  A worm (D:2)
  2 dart slugs
  2 leopard geckos
  3 giant cockroaches
  13 hobgoblins
  2 ball pythons (D:1)
  5 bats
  3 frilled lizards
  5 goblins
  8 kobolds
  5 rats
53 creatures vanquished.

Notes
Turn   | Place    | Note
-------+----------+-------------------------------------------
     0 | D:1      | JedernureinKreuz the Deep Elf Conjurer began the quest for
                  | the Orb.
     0 | D:1      | Reached XP level 1. HP: 10/10 MP: 6/6
   204 | D:1      | Reached XP level 2. HP: 15/15 MP: 6/8
   658 | D:1      | Reached XP level 3. HP: 11/19 MP: 8/10
  1411 | D:2      | Found an ornate altar of the Wu Jian Council.
  1434 | D:2      | Reached skill level 1 in Short Blades
  1463 | D:2      | Found a hazy altar of Hepliaklqana.
  1463 | D:2      | Found a deep blue altar of Sif Muna.
  1468 | D:2      | Found a sacrificial altar of Ru.
  1468 | D:2      | Found a basalt altar of Yredelemnul.
  1502 | D:2      | Became a worshipper of Sif Muna the Loreminder
  1507 | D:2      | Reached XP level 4. HP: 21/24 MP: 10/12
  1632 | D:2      | Noticed Jessica
  1642 | D:2      | Killed Jessica
  1734 | D:2      | Found a runed door.
  1738 | D:2      | Noticed Crazy Yiuf
  1745 | D:2      | Learned a level 2 spell: Searing Ray
  1750 | D:2      | Learned a level 4 spell: Force Lance
  1755 | D:2      | Learned a level 4 spell: Iskenderun's Mystic Blast
  1762 | D:2      | Slain by Crazy Yiuf

Skill      XL: |  1  2  3 |
---------------+----------+-----
Stealth        | 3 |  3.5
Dodging        | 3 |  3.3
Spellcasting   | 4 |  4.2
Short Blades   | 1 |  1.3
Conjurations   | |  4.9

Action                   |  1- 3 |  4- 6 || total
-------------------------+-------+-------++-------
Melee: Short sword       |    29 |       ||    29
Throw: Stone             |     3 |       ||     3
 Cast: Magic Dart        |    80 |    15 ||    95
       Searing Ray       |       |     1 ||     1
  Eat: Chunk             |     2 |       ||     2
Armor: Robe              |     6 |       ||     6
Dodge: Dodged            |    32 |       ||    32
